 Dungeon Crawl Stone Soup version 0.22-a0-348-gd16d139 (webtiles) character file.

88 mhoghedin the Stinger (level 4, -9/24 HPs)
             Began as a Tengu Venom Mage on Apr 8, 2018.
             Mangled by an ogre
             ... wielding a +0 giant club
              (13 damage)
             ... on level 3 of the Dungeon.
             The game lasted 00:04:48 (2128 turns).

mhoghedin the Stinger (Tengu Venom Mage)            Turns: 2128, Time: 00:04:49

Health: -9/24      AC:  2    Str:  8    XL:     4   Next: 54%
Magic:  2/8        EV: 13    Int: 16    God:
Gold:   113        SH:  0    Dex: 15    Spells: 1/7 levels left

rFire    . . .     SeeInvis .   m - +2 dagger (venom)
rCold    . . .     Gourm    .   (no shield)
rNeg     . . .     Faith    .   a - +0 robe
rPois    .         Spirit   .   (helmet restricted)
rElec    .         Reflect  .   (no cloak)
rCorr    .         Harm     .   (no gloves)
MR       .....                  (boots unavailable)
Stlth    ++........             (no amulet)
HPRegen  0.08/turn              (no ring)
MPRegen  0.11/turn              (no ring)

@: very slightly contaminated
A: beak, talons 3
a: no special abilities


You were on level 3 of the Dungeon.
You were not hungry.

You visited 1 branch of the dungeon, and saw 3 of its levels.

You collected 113 gold pieces.

Inventory:

Hand Weapons
 d - a +0 short sword
   (You took it off a kobold on level 1 of the Dungeon)
 m - a +2 dagger of venom (weapon)
   (You took it off a goblin on level 3 of the Dungeon)
Armour
 a - a +0 robe (worn)
 e - a +0 buckler
   (You found it on level 1 of the Dungeon)
Scrolls
 f - a scroll of immolation {unknown}
 g - 3 scrolls of identify {unknown}
 h - 2 scrolls of teleportation {unknown}
 i - a scroll of amnesia {unknown}
 k - a scroll of remove curse {unknown}
Potions
 b - a potion of cancellation {unknown}
 j - a potion of invisibility {unknown}
 l - a potion of curing {unknown}
Comestibles
 c - 4 rations


   Skills:
 - Level 2.3 Dodging
 - Level 2.1 Stealth
 - Level 2.2 Spellcasting
 - Level 2.8 Conjurations
 + Level 2.1 Air Magic
 + Level 4.0 Poison Magic


You had one spell level left.
You knew the following spells:

 Your Spells              Type           Power        Failure   Level  Hunger
a - Sting                 Conj/Pois      ##..         4%          1    #......
b - Poisonous Vapours     Pois/Air       ##....       9%          2    ###....
x - Mephitic Cloud        Conj/Pois/Air  ##......     19%         3    ###....


Dungeon Overview and Level Annotations

Branches:
Dungeon (3/15)

Altars:
Zin
The Shining One


Innate Abilities, Weirdness & Mutations

You have a beak for a mouth.
You have claws for feet.


Message History

The orc shouts! x3; The hobgoblin shouts!
The orc shouts!
The hobgoblin closely misses you. The hobgoblin hits you.
You take 2 damage, and have 21/24 hp.
The orc hits you with a hand axe.
You take 4 damage, and have 17/24 hp.
An orc comes into view. It is wielding a club.
A rat comes into view.
Found a stone staircase leading up.
The orc shouts!
The orc hits you with a club.
You take 1 damage, and have 17/24 hp.
You hit the rat.
You kill the rat!
The hobgoblin hits you. The orc misses you. The hobgoblin misses you.
You take 1 damage, and have 16/24 hp.
The orc hits you with a club.
You take 1 damage, and have 15/24 hp.
The orc closely misses you.
A worm comes into view.
There is a stone staircase leading up here.
The hobgoblin closely misses you. The orc hits you with a club.
You climb upwards.
There is a stone staircase leading down here.
You take 4 damage, and have 11/24 hp.
The hobgoblin closely misses you.
MP restored: 8 You are too injured to fight recklessly!
You are too injured to fight recklessly!
You are too injured to fight recklessly!
You are too injured to fight recklessly!
You are too injured to fight recklessly!
You are too injured to fight recklessly!
You are too injured to fight recklessly!
You are too injured to fight recklessly!
You are too injured to fight recklessly!
You hit the hobgoblin. Your kick misses the hobgoblin.
Your peck misses the hobgoblin. The hobgoblin closely misses you.
You hit the hobgoblin.
The hobgoblin is poisoned.
You claw the hobgoblin.
The hobgoblin hits you but does no damage.
You hit the hobgoblin.
You kill the hobgoblin!
You closely miss the orc. Your kick misses the orc. Your peck misses the orc.
The orc barely misses you.
You hit the orc.
The orc is poisoned.
You kill the orc!
Things that are here:
a club; an orc corpse You butcher the orc corpse.
n - 3 chunks of flesh {@w0} You see here a club.
Okay, then.
Unknown command.
Memorise Mephitic Cloud, consuming 3 spell levels and leaving 1?
You start memorising the spell.
You continue memorising. x3
You finish memorising.
Spell assigned to 'x'.
Okay, then.
Unknown command.
You start resting.
Health restored: 24
There is a stone staircase leading down here.
You climb downwards.
There is a stone staircase leading up here.
You see here a dagger.
You see here a dagger.
Things that are here:
a club; a hobgoblin skeleton An ogre comes into view.
It is wielding a giant club.
An ogre is nearby!
Aim: an ogre, wielding a giant club Poisonous vapours surround the ogre!
The ogre is engulfed in poison gas.
The ogre is poisoned.
You now have 6/8 mp.
Aim: an ogre, wielding a giant club (moderately wounded, poisoned)
You miscast Poisonous Vapours.
You are very lightly contaminated with residual magic.
Your vision is briefly tinged with green.
You now have 4/8 mp.
Aim: an ogre, wielding a giant club (moderately wounded, poisoned) Poisonous vapours surround the ogre!
The ogre is engulfed in poison gas.
The ogre looks even sicker.
The ogre hits you with a giant club!!
Ouch! That really hurt!
* * * LOW HITPOINT WARNING * * *
You take 20 damage, and have 4/24 hp.
MASSIVE DAMAGE!!
You now have 2/8 mp.
You see here a ball python skeleton.
All of the chunks of flesh in your inventory have rotted away.
Things that are here:
a club; a hobgoblin skeleton
There is a stone staircase leading down here.
The ogre looks more healthy.
You see here 17 stones.
Aim: an ogre, wielding a giant club (almost dead) Poisonous vapours surround the ogre!
The quokka bites you.
* * * LOW HITPOINT WARNING * * *
The ogre is engulfed in poison gas.
The ogre is poisoned.
The ogre hits you with a giant club!
Ouch! That really hurt!
You die...

###########
#.........#
#.......รท.#
#..(@.....#
#..rO...((#
#........<# ####
##(....(...# #..#
##.<........#
##.######...........#
#.)......###..######
## #.......>###.## .#
##.......##..#


You could see an ogre and a quokka.

Vanquished Creatures
  3 gnolls (D:2)
  An adder (D:2)
  A leopard gecko (D:1)
  An orc (D:2)
  2 giant cockroaches
  6 hobgoblins
  5 jackals
  6 kobolds
  3 ball pythons
  6 bats
  8 goblins
  4 rats
46 creatures vanquished.

Notes
Turn   | Place    | Note
-------+----------+-------------------------------------------
     0 | D:1      | mhoghedin the Tengu Venom Mage began the quest for the Orb.
     0 | D:1      | Reached XP level 1. HP: 10/10 MP: 4/4
   248 | D:1      | Reached XP level 2. HP: 12/15 MP: 6/6
   425 | D:1      | Reached skill level 2 in Conjurations
   610 | D:1      | You fall through a shaft!
   652 | D:2      | Found a glowing golden altar of the Shining One.
   679 | D:2      | Learned a level 2 spell: Poisonous Vapours
   719 | D:2      | Reached XP level 3. HP: 15/19 MP: 1/7
  1023 | D:2      | Reached skill level 1 in Air Magic
  1114 | D:2      | Reached XP level 4. HP: 24/24 MP: 5/8
  1355 | D:2      | Found a glowing silver altar of Zin.
  1828 | D:3      | Reached skill level 4 in Poison Magic
  1872 | D:3      | Reached skill level 2 in Air Magic
  1920 | D:2      | Learned a level 3 spell: Mephitic Cloud
  2106 | D:3      | Noticed an ogre
  2109 | D:3      | HP: 4/24 [ogre/giant club (20)]
  2128 | D:3      | HP: 4/24 [quokka (1)]
  2128 | D:3      | Mangled by an ogre

Vault maps used:
D:1:      giann_bridges
D:2:      old_standard_altar, zin_academy, kennysheep_generic_room_3
D:3:      elyvilon_altar_3

Skill      XL: |  1  2  3  4 |
---------------+-------------+-----
Conjurations   | 2 |  2.8
Air Magic      | 1 2 |  2.1
Poison Magic   | 4 |  4.0
Dodging        | |  2.3
Stealth        | |  2.1
Spellcasting   | |  2.2

Action                   |  1- 3 |  4- 6 || total
-------------------------+-------+-------++-------
Melee: Short sword       |    27 |    12 ||    39
       Unarmed           |     4 |       ||     4
       Kick              |     7 |     8 ||    15
       Peck              |     7 |       ||     7
       Dagger            |       |     9 ||     9
 Cast: Sting             |    18 |     1 ||    19
       Poisonous Vapours |    12 |    15 ||    27
  Eat: Chunk             |     1 |     2 ||     3
       Ration            |       |     1 ||     1
Armor: Robe              |     6 |     6 ||    12
Dodge: Dodged            |    39 |    34 ||    73

Table legend:
 A = Spawn XP
 B = Non-spawn XP
 C = Spawn XP percentage of total XP
 D = Spawn monster count
 E = Non-spawn monster count
 F = Spawn count percentage of total count
 G = Total turns spent on level
                    A         B        C        D         E        F      G
               +---------+---------+-------+---------+---------+-------+---------
         Total |       0 |     127 |   0.0 |       0 |      46 |   0.0 |  2128
               +---------+---------+-------+---------+---------+-------+---------
           D:1 |       0 |      28 |   0.0 |       0 |      16 |   0.0 |   610
           D:2 |       0 |      84 |   0.0 |       0 |      20 |   0.0 |  1315
           D:3 |       0 |      15 |   0.0 |       0 |      10 |   0.0 |   203
               +---------+---------+-------+---------+---------+-------+---------

Vault maps used:
D:1:      giann_bridges
D:2:      old_standard_altar, zin_academy, kennysheep_generic_room_3
D:3:      elyvilon_altar_3

Table legend:
 A = Turns spent in this place as a percentage of turns spent in the entire game.
 B = Non-inter-level travel turns spent in this place as a percentage of non-inter-level travel turns spent in the entire game.
 C = Inter-level travel turns spent in this place as a percentage of turns spent in this place.
 D = Turns resting spent in this place as a percentage of non-inter-level travel turns spent in this place.
 E = Turns spent auto-exploring this place as a percentage of non-inter-level travel turns spent in this place.
 F = Non-inter-level travel turns spent in this place divided by the number of levels of this place that you've seen.
                   A       B       C       D       E      F
               +-------+-------+-------+-------+-------+----------------------
         Total | 100.0 | 100.0 |   5.8 |  42.0 |  38.8 | 668.3
       Dungeon | 100.0 | 100.0 |   5.8 |  42.0 |  38.8 | 668.3
               +-------+-------+-------+-------+-------+----------------------

Table legend:
 A = Kills in this place as a percentage of kills in entire the game.
 B = Kills by you in this place as a percentage of kills by you in the entire game.
 C = Kills by friends in this place as a percentage of kills by friends in the entire game.
 D = Other kills in this place as a percentage of other kills in the entire game.
 E = Experience gained in this place as a percentage of experience gained in the entire game.
 F = Experience gained in this place divided by the number of levels of this place that you have seen.
                   A       B       C       D       E      F
               +-------+-------+-------+-------+-------+----------------------
         Total | 100.0 | 100.0 |   N/A |   N/A | 100.0 |  42.3
       Dungeon | 100.0 | 100.0 |   N/A |   N/A | 100.0 |  42.3
               +-------+-------+-------+-------+-------+----------------------
